 Dungeon Crawl Stone Soup version 0.27-a0-637-g3a9f0a9c12 (webtiles) character file.

Game seed: 14361022531956168404

730178 Johnny the Sorcerer (level 27, -12/177 HPs)
             Began as a Deep Elf Earth Elementalist on Mar 14, 2021.
             Was a High Priest of Dithmenos.
             Killed from afar by a wretched star (22 damage)
             ... with a lance of force
             ... on level 5 of the Abyss on Mar 15, 2021.
             The game lasted 03:16:06 (106939 turns).

Johnny the Sorcerer (Deep Elf Earth Elementalist) Turns: 106939, Time: 03:16:06

Health: -12/177    AC: 16    Str:  6 (7)  XL:     27
Magic:  14/55      EV: 27    Int: 44      God:    Dithmenos [*****.]
Gold:   3048       SH: 14    Dex: 19      Spells: 31/78 levels left

rFire    + . .     SeeInvis +   C - staff of earth
rCold    + . .     Faith    .   y - +0 kite shield of Wouwuush {Harm Str+2 Dex+3 Stlth+}
rNeg     . . .     Spirit   .   z - +2 robe {Archmagi}
rPois    +         Reflect  .   T - +2 helmet {SInv}
rElec    +         Harm     +   X - scarf {rC+ rF+}
rCorr    .         Rampage  +   g - +2 pair of gloves {Str+3}
Will     ++...     Rnd*Tele +   I - +2 pair of boots {rampage} Stlth **++++++++
                                m - amulet of magic regeneration
HPRegen  0.39/turn              e - ring of the Enemy {rElec EV+4 Str-3 Int+4 Dex+5}
MPRegen  0.59/turn              Z - ring "Ushys" {rElec rPois Int+6 Dex-2 Stlth+}

@: slowed, wreathed by umbra, studying 4 skills, very slow
A: deterioration 1, no potion heal 1, [clumsy 1], [deformed body], [teleportitis
2]
}: 4/15 runes: decaying, slimy, silver, gossamer
a: Renounce Religion, Shadow Step, Shadow Form


You were on level 5 of the Abyss.
You worshipped Dithmenos.
Dithmenos was extremely pleased with you.
You visited 11 branches of the dungeon, and saw 53 of its levels.
You visited the Abyss 1 time.
You visited 1 bazaar.
You also visited: Bailey and Ice Cave.

You collected 8853 gold pieces.
You spent 5805 gold pieces at shops.

Inventory:

Missiles
 b - 788 stones
Armour
 g - a +2 pair of gloves of strength (worn)
 y - the +0 kite shield of Wouwuush (worn) {Harm Str+2 Dex+3 Stlth+}
   (Okawaru gifted it to you on level 1 of the Tomb of the Ancients)

   It affects your strength (+2).
   It affects your dexterity (+3).
   It increases damage dealt and taken.
   It makes you more stealthy.
 z - a +2 robe of the Archmagi (worn)
 I - a +2 pair of boots of rampaging (worn)
 K - the +8 orange crystal plate armour {Archmagi, Int+3 Clar}
   (You found it on level 5 of the Pits of Slime)

   It affects your intelligence (+3).
   It protects you against confusion.
 T - a +2 helmet of see invisible (worn)
 X - a scarf of resistance (worn)
Magical Staves
 C - a staff of earth (weapon)
Jewellery
 e - the ring of the Enemy (right hand) {rElec EV+4 Str-3 Int+4 Dex+5}
   (You bought it in a shop on level 1 of the Orcish Mines)

   [ring of evasion]

   It affects your evasion (+4).
   It affects your strength (-3).
   It affects your intelligence (+4).
   It affects your dexterity (+5).
   It insulates you from electricity.
 f - the ring of the Tortoise {AC+8}
   (You found it on level 1 of the Depths)

   [ring of protection]

   It affects your AC (+8).
 m - an amulet of magic regeneration (around neck)
 q - the ring "Tamigai" {Wiz +Blink rC+}
   (You took it off a frost giant on level 4 of the Depths)

   [ring of wizardry]

   It improves your spell success rate.
   It protects you from cold.
   It lets you blink.
 t - the ring "Jiesigie" {rCorr Str+5}
   (You took it off a deep elf high priest on level 2 of the Elven Halls)

   [ring of resist corrosion]

   It affects your strength (+5).
   It provides partial protection from all sources of acid and corrosion.
 w - the ring of Gaps {Wiz Str+3}
   (You bought it in a shop on level 1 of the Orcish Mines)

   [ring of wizardry]

   It improves your spell success rate.
   It affects your strength (+3).
 A - the amulet of the Several Leylines {Acrobat rC+ rN++ Slay+3}
   (You took it off a deep elf death mage on level 3 of the Elven Halls)

   [amulet of the acrobat]

   It helps you evade while moving and waiting.
   It affects your accuracy and damage with ranged weapons and melee attacks
   (+3).
   It protects you from cold.
   It greatly protects you from negative energy.
 G - an amulet of regeneration
 O - the ring "Leidost" {Fire +Fly rN+++ Dex-2 Stlth-}
   (You took it off a deep elf elementalist on level 3 of the Elven Halls)

   [ring of fire]

   It enhances your fire magic.
   It affects your dexterity (-2).
   It protects you from fire.
   It makes you vulnerable to cold.
   It renders you almost immune to negative energy.
   It lets you fly.
   It makes you less stealthy.
 Z - the ring "Ushys" (left hand) {rElec rPois Int+6 Dex-2 Stlth+}
   (You found it on level 5 of the Pits of Slime)

   [ring of intelligence]

   It affects your intelligence (+6).
   It affects your dexterity (-2).
   It insulates you from electricity.
   It protects you from poison.
   It makes you more stealthy.
Wands
 j - a wand of acid (7)
Scrolls
 c - 9 scrolls of identify
 d - 3 scrolls of summoning
 h - 10 scrolls of magic mapping
 i - 23 scrolls of teleportation
 k - 6 scrolls of blinking
 n - 3 scrolls of enchant armour
 o - 10 scrolls of fog
 s - 9 scrolls of immolation
 H - 8 scrolls of fear
 J - 6 scrolls of vulnerability
 S - 3 scrolls of holy word
Potions
 a - 12 potions of haste
 l - 3 potions of cancellation
 r - 7 potions of resistance
 u - 15 potions of lignification
 v - 20 potions of flight
 x - 11 potions of curing
 B - 9 potions of heal wounds
 D - 9 potions of mutation
 F - 8 potions of ambrosia
 L - 9 potions of brilliance
 N - 3 potions of magic
 Y - 2 potions of berserk rage
Miscellaneous
 p - a box of beasts (inert)
 E - a phantom mirror
 M - a phantom mirror
 P - a condenser vane
 Q - a tin of tremorstones (2/2)
 R - a phantom mirror
 U - a lightning rod (3/4)
 W - a box of beasts (inert)


   Skills:
 + Level 19.6 Fighting
 * Level 21.4 Armour
 + Level 15.5 Dodging
 - Level 12.1 Stealth
 - Level 17.4 Shields
 - Level 26.3 Spellcasting
 - Level 1.1 Transmutations
 - Level 24.2 Earth Magic


You had 31 spell levels left.
You knew the following spells:

 Your Spells              Type           Power      Damage    Failure   Level
a - Sandblast             Erth           100%       2d20      0%          1
b - Bolt of Magma         Conj/Fire/Erth 69%        4d27      1%          5
c - Lee's Rapid Deconstr  Erth           93%        3d42*     0%          5
d - Petrify               Tmut/Erth      100%       N/A       0%          4
e - Leda's Liquefaction   Hex/Erth       76%        N/A       1%          4
f - Mephitic Cloud        Conj/Pois/Air  72%        N/A       1%          3
g - Stone Arrow           Conj/Erth      100%       3d13      0%          3
h - Blink                 Tloc           N/A        N/A       1%          2
i - Shatter               Erth           93%        3d67*     1%          9
j - Borgnjor's Vile Clut  Necr/Erth      76%        N/A       1%          5
k - Iron Shot             Conj/Erth      76%        9d14      1%          6

Your spell library contained the following spells:

 Spells                   Type           Power      Damage    Failure   Level
 Passwall                 Tmut/Erth      100%       N/A       0%          2
 Animate Skeleton         Necr           100%       N/A       1%          1
 Apportation              Tloc           100%       N/A       1%          1
 Corona                   Hex            80%        N/A       1%          1
 Foxfire                  Conj/Fire      100%       2x1d9     1%          1
 Freeze                   Ice            100%       1d11      1%          1
 Pain                     Necr           100%       1d9       1%          1
 Shock                    Conj/Air       100%       1d9       1%          1
 Sting                    Tmut/Pois      100%       1d8       1%          1
 Summon Small Mammal      Summ           100%       N/A       1%          1
 Call Imp                 Summ           72%        N/A       1%          2
 Corpse Rot               Necr/Air       N/A        N/A       1%          2
 Ensorcelled Hibernation  Hex/Ice        100%       N/A       1%          2
 Poisonous Vapours        Pois/Air       100%       N/A       1%          2
 Searing Ray              Conj           100%       3d7       1%          2
 Slow                     Hex            72%        N/A       1%          2
 Swiftness                Air            72%        N/A       1%          2
 Wereblood                Tmut           79%        N/A       1%          2
 Call Canine Familiar     Summ           72%        N/A       1%          3
 Confusing Touch          Hex            72%        N/A       1%          3
 Conjure Flame            Conj/Fire      72%        6-21      1%          3
 Dazzling Flash           Conj/Hex       100%       N/A       1%          3
 Frozen Ramparts          Ice            100%       1d12      1%          3
 Gell's Gravitas          Tloc           36%        N/A       1%          3
 Ignite Poison            Fire/Tmut/Pois 75%        N/A       1%          3
 Inner Flame              Hex/Fire       72%        N/A       1%          3
 Lesser Beckoning         Tloc           36%        N/A       1%          3
 Ozocubu's Armour         Ice            72%        N/A       1%          3
 Portal Projectile        Hex/Tloc       100%       N/A       1%          3
 Spider Form              Tmut/Pois      38%        N/A       1%          3
 Static Discharge         Conj/Air       72%        N/A       1%          3
 Summon Guardian Golem    Hex/Summ       72%        N/A       1%          3
 Teleport Other           Tloc           72%        N/A       1%          3
 Tukima's Dance           Hex            72%        N/A       1%          3
 Vampiric Draining        Necr           36%        2d11      1%          3
 Ice Form                 Ice/Tmut       76%        N/A       1%          4
 Statue Form              Tmut/Erth      100%       N/A       1%          6
 Airstrike                Air            36%        N/A       2%          4
 Animate Dead             Necr           36%        N/A       2%          4
 Cause Fear               Hex            36%        N/A       2%          4
 Hailstorm                Conj/Ice       72%        3d15      2%          4
 Iskenderun's Mystic Bla  Conj/Tloc      72%        2d15      2%          4
 Manifold Assault         Tloc           72%        N/A       2%          4
 Passage of Golubria      Tloc           N/A        N/A       2%          4
 Sticky Flame             Conj/Fire      72%        2d9       2%          4
 Summon Ice Beast         Ice/Summ       72%        N/A       2%          4
 Summon Lightning Spire   Summ/Air       72%        N/A       2%          4
 Alistair's Intoxication  Tmut/Pois      50%        N/A       5%          5
 Irradiate                Conj/Tmut      38%        3d26      5%          5
 Yara's Violent Unravell  Hex/Tmut       38%        3d15      5%          5
 Agony                    Necr           72%        N/A       7%          5
 Fireball                 Conj/Fire      36%        3d15      7%          5
 Iskenderun's Battlesphe  Conj           72%        2d12      7%          5
 Lightning Bolt           Conj/Air       36%        1d54      7%          5
 Metabolic Englaciation   Hex/Ice        36%        N/A       7%          5
 Silence                  Hex/Air        36%        N/A       7%          5
 Summon Forest            Summ/Tloc      36%        N/A       7%          5
 Summon Mana Viper        Hex/Summ       72%        N/A       7%          5
 Lehudib's Crystal Spear  Conj/Erth      76%        10d17     12%         8
 Hydra Form               Tmut           39%        N/A       24%         6
 Conjure Ball Lightning   Conj/Air       36%        3x3d12    36%         6
 Dispersal                Tloc           36%        N/A       36%         6
 Freezing Cloud           Conj/Ice/Air   36%        6-21      36%         6
 Invisibility             Hex            72%        N/A       36%         6
 Shadow Creatures         Summ           N/A        N/A       36%         6
 Simulacrum               Ice/Necr       36%        N/A       36%         6
 Starburst                Conj/Fire      36%        8x6d11    36%         6
 Dragon Form              Tmut           39%        N/A       80%         7
 Haunt                    Necr/Summ      36%        N/A       91%         7
 Malign Gateway           Summ/Tloc      36%        N/A       91%         7
 Monstrous Menagerie      Summ           36%        N/A       91%         7
 Orb of Destruction       Conj           36%        9d13      91%         7
 Ozocubu's Refrigeration  Ice            36%        4d12      91%         7
 Spellforged Servitor     Conj/Summ      36%        N/A       91%         7
 Summon Hydra             Summ           36%        N/A       91%         7
 Chain Lightning          Conj/Air       36%        N/A       100%        8
 Discord                  Hex            36%        N/A       100%        8
 Disjunction              Tloc           36%        N/A       100%        8
 Ignition                 Fire           36%        3d11      100%        8
 Necromutation            Tmut/Necr      38%        N/A       100%        8
 Summon Horrible Things   Summ           36%        N/A       100%        8
 Absolute Zero            Ice            36%        ∞         100%        9
 Dragon's Call            Summ           36%        N/A       100%        9
 Fire Storm               Conj/Fire      36%        8d9       100%        9
 Tornado                  Air            36%        N/A       100%        9


Dungeon Overview and Level Annotations

Branches:
Dungeon (15/15)            Temple (0/1) D:5            Lair (6/6) D:10
  Swamp (4/4) Lair:2       Spider (4/4) Lair:2        Slime (5/5) Lair:5
    Orc (2/2) D:11            Elf (3/3) Orc:2        Vaults (5/5) D:13
  Crypt (3/3) Vaults:2       Tomb (1/3) Crypt:3      Depths (5/5) D:15
    Zot (0/5) Depths:5     Bailey (visited)           IceCv (visited)

Altars:
Ashenzari
Cheibriados
Dithmenos
Hepliaklqana
Kikubaaqudgha
Nemelex Xobeh
Okawaru
Uskayaw
Vehumet
Xom
The Shining One
Beogh
Jiyva

Shops:
D:5 !   D:13 *   Orc:1 =   Orc:2 *[:(   Elf:1 ((*!   Elf:2 *   Elf:3 [((
Vaults:5 !   Depths:1 ::=

Portals:
Hell: Depths:1 Depths:2 Depths:3 Depths:4 Depths:5
Abyss: Depths:4
Pandemonium: Depths:2 Depths:3
Ziggurat: Depths:2

Annotations:
Orc:1 1 runed translucent door, Vuxtiasch's ghost, journeyman GnHu
Crypt:2 1 transporter
Tomb:1 Mennas


Innate Abilities, Weirdness & Mutations

Your body sometimes deteriorates upon taking damage.
Potions are less effective at restoring your health.
[You are clumsy. (Dex -2)]
[Armour fits poorly on your strangely shaped body.]
[You are sometimes teleported next to monsters.]


Message History

* * * LOW HITPOINT WARNING * * *
You block the spatial maelstrom's attack.
The spatial maelstrom misses you.
A swamp dragon comes into view.
You block the spatial maelstrom's attack.
The spatial maelstrom completely misses you.
A spatial vortex comes into view.
A sun demon comes into view.
The sun demon shouts!
A spatial vortex comes into view.
There is a gateway leading out of the Abyss here.
The wretched star glows turbulently.
The lance of force hits you!!
* * * LOW HITPOINT WARNING * * *
You stop ascending the stairs.
You are knocked back by the lance of force.
You slam into the tree!
* * * LOW HITPOINT WARNING * * *
The spatial maelstrom hits you!
* * * LOW HITPOINT WARNING * * *
You wobble for a moment.
The spatial maelstrom barely misses you.
You can't go up here!
Okay, then.
Blink to where?
Press: ? - help, Dir - move target
As you read the scroll of blinking, it crumbles to dust.
A wretched star comes into view. x2
The wretched star moves out of view.
Your system partially rejects the healing.
You feel much better.
A spatial vortex comes into view.
Your system partially rejects the healing.
You feel much better. You block the sun demon's attack. The sun demon hits you!
* * * LOW HITPOINT WARNING * * *
You are engulfed in flames!
You resist.
* * * LOW HITPOINT WARNING * * *
The wretched star glows turbulently.
The lance of force hits you!!
You die...

♣♣♣♣#♣...## . #
#...#.....# +
#.#..#∩.....### .
#.##.#......# ..#
#.#.v.#Dv...###...#.
v..#...v..#.. ....
##.#.....##..##. ...
##3*v.#.#...≈. .#..
#@..###..#. .≈ #
#...# #.. .#≈.#
#.#....##...#....
#..##.##..#...#. ..
##( .... ... ..# ..
...


You could see a spatial maelstrom, a wretched star, a swamp dragon, a sun demon
and 3 spatial vortices.

Vanquished Creatures
  Dissolution (Slime:2)
  the Royal Jelly (Slime:5)
  2 dread liches
  2 ancient liches
  Mara (Vaults:5)
  2 juggernauts
  16 royal mummies (Tomb:1)
  Bai Suzhen (Elf:3)
  Frederick (Crypt:3)
  5 caustic shrikes
  A curse toe (Crypt:3)
  5 golden dragons
  Nikola (Elf:3)
  4 bone dragons
  Arachne (Spider:2)
  11 tentacled monstrosities
  5 liches
  Asterion (Depths:2)
  17 titans
  7 deep elf blademasters
  6 deep elf master archers
  8 ancient champions
  20 acid blobs
  17 sphinxes
  24 tentacled starspawn
  3 thorn hunters
  Agnes (Elf:1)
  15 tengu reavers
  Kirke (Lair:5)
  9 storm dragons
  13 azure jellies
  13 rockslimes
  6 shadow dragons
  2 revenants
  Donald (Elf:3)
  2 daevas
  Roxanne (Swamp:4)
  3 orc warlords
  8 deep elf sorcerers
  15 vault wardens
  4 iron dragons
  A balrug (Abyss:1)
  24 fire giants
  5 ghost moths
  12 frost giants
  21 ironbound preservers
  2 cacodemons
  8 emperor scorpions
  2 curse skulls
  An angel (Abyss:2)
  22 stone giants
  Aizul (Depths:2)
  7 deep elf elementalists
  9 ghouls
  14 quicksilver oozes
  2 spriggan defenders (Depths:3)
  A draconian annihilator (Depths:5)
  26 very ugly things
  3 caustic shrike skeletons (Crypt:3)
  A reaper (Abyss:2)
  8 vampire knights
  Nessos (D:12)
  3 war gargoyles (Vaults:5)
  A green draconian (Abyss:2)
  4 dire elephants
  5 deep elf demonologists
  2 black draconians
  A purple draconian (Abyss:2)
  8 deep elf annihilators
  7 entropy weavers
  An entropy weaver (shapeshifter) (Vaults:5)
  5 bunyips
  4 spark wasps
  3 eleionomae
  17 ettins
  3 eidola
  2 crystal guardians (Vaults:2)
  Snorg (Lair:3)
  10 deep elf death magi
  6 mummy priests (Tomb:1)
  A quicksilver dragon zombie (Crypt:1)
  11 fire dragons
  2 quicksilver dragon skeletons
  A shambling mangrove (Swamp:2)
  9 jiangshi
  18 great orbs of eyes
  9 rakshasas
  Fannar (D:11)
  13 yaktaur captains
  A peacekeeper (Vaults:2)
  41 vault guards
  2 ghost crabs
  5 deep elf high priests
  14 ice dragons
  22 hydras
  3 catoblepae
  4 boulder beetles
  3 ironbound thunderhulks
  A fenstrider witch zombie (Crypt:1)
  2 naga warriors (Abyss:2)
  7 spriggan air magi
  12 centaur warriors
  2 death knights (Crypt:2)
  A two-headed ogre (shapeshifter) (Vaults:5)
  An ogre mage (D:15)
  A queen ant (shapeshifter) (Vaults:5)
  11 two-headed ogres
  18 death scarabs
  23 dancing weapons
  15 alligators
  6 tengu warriors
  9 ironbound frosthearts
  A queen ant (Spider:2)
  14 deep troll shamans
  A satyr (D:7)
  15 deep troll earth magi
  5 ironbound beastmasters
  10 death yaks
  An orc high priest (Orc:2)
  17 thrashing horrors
  6 vampire magi
  3 spriggan berserkers (Depths:3)
  3 soul eaters
  A fire crab (shapeshifter) (Vaults:5)
  20 deep elf knights
  7 hell knights
  4 sixfirhies
  7 titan skeletons
  29 skeletal warriors
  A golden dragon zombie (Vaults:1)
  9 wretched stars
  9 goliath frogs
  2 storm dragon skeletons
  27 iron trolls
  4 shadow wraiths
  A death drake (Abyss:2)
  3 spatial maelstroms
  7 spriggan druids
  A death drake (shapeshifter) (D:14)
  6 flayed ghosts
  102 deep trolls
  6 unseen horrors
  A golden dragon skeleton (Depths:3)
  4 swamp dragons
  2 quicksilver dragon simulacra
  A swamp dragon (shapeshifter) (Elf:2)
  7 glowing orange brains
  3 harpies (Vaults:2)
  17 deep elf archers
  7 lindwurms
  6 bog bodies
  24 ironbound convokers
  11 phantasmal warriors
  10 orc knights
  2 sphinx zombies
  17 wizards
  24 deep elf pyromancers
  31 deep elf zephyrmancers
  7 necromancers
  53 ugly things
  Pikel (D:7)
  A tengu zombie (Depths:3)
  A mana viper (Abyss:2)
  A wolf spider (shapeshifter) (Vaults:5)
  13 orb spiders
  18 wolf spiders
  A faun (shapeshifter) (Vaults:5)
  A shadow dragon skeleton (Crypt:2)
  A frost giant zombie (Depths:3)
  2 manticores (shapeshifter)
  4 shining eyes
  4 will-o-the-wisps
  A cyclops (shapeshifter) (Vaults:5)
  2 orc sorcerers (Orc:2)
  5 worldbinders
  4 cyclopes
  4 manticores
  A moth of wrath (shapeshifter) (Vaults:4)
  Maurice (D:13)
  3 iron dragon skeletons
  An eleionoma skeleton (Crypt:1)
  3 rust devils
  2 black mambas
  A stone giant skeleton (Crypt:3)
  2 eyes of devastation (Slime:5)
  9 elephants
  4 orange demons (Abyss:2)
  5 torpor snails
  6 cane toads
  A gargoyle (D:15)
  4 apocalypse crabs
  A shock serpent skeleton (Abyss:2)
  A black mamba (shapeshifter) (Abyss:1)
  23 vault sentinels
  3 ice statues (IceCv)
  12 smoke demons
  3 efreet
  A cane toad (shapeshifter) (Vaults:5)
  Psyche (D:9)
  2 komodo dragons (shapeshifter)
  30 yaktaurs
  An emperor scorpion zombie (Crypt:1)
  2 alligator snapping turtle skeletons (Crypt:2)
  2 kobold demonologists (Abyss:2)
  8 freezing wraiths
  A tormentor (Depths:3)
  9 guardian mummies
  4 rime drakes (Lair:6)
  12 demonic crawlers
  2 hellwings (Abyss:1)
  6 komodo dragons
  An ice devil (Depths:3)
  3 tengu conjurers
  An iron troll zombie (Crypt:1)
  A red devil (Depths:3)
  A yaktaur (shapeshifter) (Elf:2)
  11 ancient zymes
  A queen bee (Lair:2)
  7 trolls
  A harpy skeleton (Crypt:3)
  A merfolk (shapeshifter) (Vaults:5)
  3 polar bears
  20 jumping spiders
  12 tyrant leeches
  2 jumping spiders (shapeshifter)
  6 bloated husks
  6 meliai
  14 hornets
  A tengu simulacrum (Depths:3)
  An iron troll skeleton (Crypt:3)
  A raiju (shapeshifter) (Elf:2)
  17 raiju
  3 meliai zombies
  127 slime creatures
  2 hydra skeletons (Crypt:1)
  2 dream sheep (Lair:6)
  An ice dragon zombie (Crypt:2)
  An alligator zombie (Crypt:3)
  A snapping turtle (shapeshifter) (Vaults:5)
  15 blink frogs
  31 flying skulls
  39 starcursed masses
  65 redbacks
  A fire dragon skeleton (Crypt:3)
  An ice dragon skeleton (Crypt:2)
  30 tarantellas
  3 centaur simulacra
  An alligator skeleton (Crypt:3)
  2 ettin skeletons (Crypt:3)
  6 wyverns
  3 air elementals
  A shadow (D:15)
  5 ynoxinuls
  A spriggan (shapeshifter) (Depths:5)
  2 ushabtiu (Tomb:1)
  63 yaks
  4 vampires
  A yak (shapeshifter) (Depths:5)
  26 large abominations
  14 spriggans
  11 water elementals
  5 basilisks
  A human (Lair:5)
  10 wraiths
  A tarantella (shapeshifter) (Vaults:5)
  A hog (Lair:5)
  4 fire elementals
  A basilisk (shapeshifter) (Vaults:5)
  5 neqoxecs
  18 golden eyes
  A steam dragon (Lair:6)
  8 vampire mosquitoes
  9 chaos spawn
  A black mamba skeleton (Crypt:3)
  15 spatial vortices
  2 swamp worm simulacra (Swamp:4)
  3 wargs
  10 swamp worms
  4 acid dragons
  24 soldier ants
  An infernal demonspawn zombie (Crypt:2)
  A naga (Abyss:2)
  A cane toad zombie (Tomb:1)
  A deep troll zombie (Crypt:1)
  32 small abominations
  Duvessa (D:4)
  A water moccasin (shapeshifter) (Abyss:1)
  A floating eye (Depths:5)
  14 hydra simulacra
  12 water moccasins
  38 orc warriors
  2 swamp drakes
  23 ice beasts
  An ice beast (shapeshifter) (Depths:4)
  4 human zombies
  2 sky beasts
  A hornet zombie (D:13)
  3 black bears
  A dream sheep zombie (Crypt:3)
  A boggart (Vaults:3)
  14 ogres
  20 wolves
  A boggart (shapeshifter) (Depths:5)
  10 centaurs
  4 necrophages
  5 phantoms
  An orc skeleton (Vaults:1)
  A blink frog skeleton (Crypt:2)
  A lemure (D:7)
  An elf zombie (Crypt:2)
  5 kobold brigands
  Blork the orc (D:4)
  5 earth elementals
  21 bullfrogs
  A draconian zombie (Crypt:1)
  Dowan (D:4)
  2 deep troll simulacra (Crypt:1)
  A troll zombie (Crypt:3)
  2 wyvern skeletons
  5 scorpions
  37 killer bees
  A raiju zombie (Crypt:3)
  A warg skeleton (Crypt:3)
  28 wights
  A troll skeleton (Crypt:3)
  3 howler monkeys
  5 electric eels
  3 centaur zombies
  3 quasits
  4 bullfrog zombies
  A wyvern simulacrum (D:13)
  6 hounds
  2 centaur skeletons
  13 orc priests
  Crazy Yiuf (D:2)
  5 iron imps
  7 jellies
  3 bullfrog skeletons
  7 iguanas
  3 human skeletons (Crypt:3)
  A black bear skeleton (Crypt:3)
  19 orc wizards
  8 hell rats
  39 worker ants
  2 bullfrog simulacra (D:13)
  A demigod skeleton (Crypt:2)
  A naga skeleton (Crypt:3)
  A tengu skeleton (Crypt:1)
  A hound skeleton (D:11)
  9 mummies
  A howler monkey skeleton (D:7)
  A gnoll (D:3)
  10 adders
  A shadow imp (D:7)
  8 white imps
  3 ufetubi
  A lava snake zombie (Crypt:2)
  6 swamp drake simulacra (Swamp:4)
  An iguana zombie (Crypt:3)
  An adder skeleton (Crypt:1)
  An adder zombie (D:5)
  2 worms
  3 dart slugs
  5 leopard geckos
  104 orcs
  A ball python (D:7)
  A bat skeleton (Crypt:3)
  6 giant cockroaches
  10 goblins
  6 hobgoblins
  13 jackals
  30 kobolds
  4 quokkas
  2 bats (D:1)
  A jackal skeleton (D:5)
  A leopard gecko skeleton (D:6)
  A leopard gecko zombie (Crypt:1)
  5 rats
  2 fungi (Depths:5)
  6 plants (Depths:3)
  5 starspawn tentacles
2957 creatures vanquished.

Vanquished Creatures (collateral kills)
  A shadow dragon (Vaults:4)
  A vault warden (Vaults:2)
  2 large abominations (Abyss:4)
  A ynoxinul (Abyss:4)
  A starspawn tentacle (Abyss:4)
6 creatures vanquished.

Vanquished Creatures (others)
  A deep elf elementalist (Elf:3)
  3 deep elf demonologists (Elf:3)
  A great orb of eyes (shapeshifter) (Vaults:4)
  An alligator (Swamp:4)
  A tyrant leech (Swamp:4)
  A fire bat (Abyss:3)
  2 humans (Lair:5)
  A hell rat (Lair:6)
  2 orcs (D:8)
  A bush (Lair:4)
  18 foxfires
  46 fungi
  207 plants
  41 starspawn tentacles
326 creatures vanquished.

Grand Total: 3289 creatures vanquished

Notes
Turn   | Place    | Note
-------+----------+-------------------------------------------
     0 | D:1      | Johnny the Deep Elf Earth Elementalist began the quest for
                  | the Orb.
     0 | D:1      | Reached XP level 1. HP: 10/10 MP: 6/6
   581 | D:1      | Reached XP level 2. HP: 15/16 MP: 8/8
   625 | D:1      | Reached skill level 1 in Fighting
  1279 | D:2      | Reached XP level 3. HP: 16/20 MP: 7/10
  1390 | D:2      | HP: 1/20 [poisoned by an adder]
  2390 | D:2      | Found a runed translucent door.
  2391 | D:2      | Noticed Crazy Yiuf
  3187 | D:2      | Killed Crazy Yiuf
  3188 | D:2      | Reached skill level 4 in Spellcasting
  3188 | D:2      | Reached XP level 4. HP: 26/26 MP: 6/12
  3494 | D:3      | Learned a level 3 spell: Stone Arrow
  3860 | D:3      | Found a glowing golden altar of the Shining One.
  3912 | D:3      | Found an iron altar of Okawaru.
  3938 | D:3      | Became a worshipper of Warmaster Okawaru
  4315 | D:4      | Noticed Blork the orc
  4330 | D:4      | Reached XP level 5. HP: 9/32 MP: 6/13
  4341 | D:4      | Killed Blork the orc
  4496 | D:4      | Reached XP level 6. HP: 28/37 MP: 5/15
  4634 | D:4      | Reached skill level 5 in Spellcasting
  5233 | D:4      | Noticed Duvessa
  5233 | D:4      | Noticed Dowan
  5243 | D:4      | Reached * piety under Okawaru
  5244 | D:4      | Reached skill level 5 in Earth Magic
  5262 | D:4      | Killed Duvessa
  5263 | D:4      | Reached XP level 7. HP: 24/43 MP: 9/17
  5267 | D:4      | Killed Dowan
  5538 | D:4      | Reached skill level 6 in Spellcasting
  5796 | D:5      | Entered Level 5 of the Dungeon
  5858 | D:5      | Reached skill level 5 in Fighting
  5861 | D:5      | Reached ** piety under Okawaru
  6045 | D:5      | Found an iron altar of Okawaru.
  6191 | D:5      | Reached XP level 8. HP: 49/49 MP: 19/19
  6366 | D:5      | Found Buxzo's Distillery.
  6412 | D:5      | Bought a potion of heal wounds for 70 gold pieces
  6412 | D:5      | Bought a potion of curing for 42 gold pieces
  6412 | D:5      | Bought a potion of mutation for 112 gold pieces
  6436 | D:5      | Found a staircase to the Ecumenical Temple.
  6717 | D:6      | Reached skill level 1 in Shields
  6717 | D:6      | Reached skill level 7 in Spellcasting
  7687 | D:7      | Reached *** piety under Okawaru
  7806 | D:7      | Reached XP level 9. HP: 56/56 MP: 9/22
  7978 | D:7      | Noticed Pikel
  7993 | D:7      | Reached skill level 8 in Spellcasting
  8001 | D:7      | Killed Pikel
  8442 | D:7      | Found an ancient bone altar of Kikubaaqudgha.
  8514 | D:7      | Noticed a boulder beetle
  8557 | D:7      | Learned a level 4 spell: Petrify
  8563 | D:7      | Learned a level 5 spell: Lee's Rapid Deconstruction
  8698 | D:7      | Noticed a satyr
  8698 | D:7      | a boulder beetle changed into a satyr
  8728 | D:7      | Killed a satyr
  8728 | D:7      | Reached **** piety under Okawaru
  8729 | D:7      | Reached skill level 9 in Spellcasting
  9178 | D:7      | Reached XP level 10. HP: 64/64 MP: 7/25
 10555 | D:8      | Noticed a two-headed ogre
 10560 | D:8      | Killed a two-headed ogre
 10826 | D:8      | Found a shimmering altar of Xom.
 10826 | D:8      | Found a hide-covered altar of Uskayaw.
 10833 | D:8      | Found a broken altar of Ashenzari.
 10835 | D:8      | Found a faded altar of an unknown god.
 10837 | D:8      | Found a radiant altar of Vehumet.
 11579 | D:9      | Noticed a two-headed ogre
 11586 | D:9      | Killed a two-headed ogre
 11586 | D:9      | Reached ***** piety under Okawaru
 11587 | D:9      | Reached skill level 10 in Spellcasting
 11908 | D:9      | Found the +7 mace of Variability {chain chaos}
 11911 | D:9      | Found a shimmering altar of Xom.
 11997 | D:9      | Reached skill level 5 in Shields
 12289 | D:9      | Noticed Psyche
 12291 | D:9      | Killed Psyche
 12542 | D:9      | Found a faded altar of an unknown god.
 12544 | D:9      | Found a hazy altar of Hepliaklqana.
 12544 | D:9      | Found a faded altar of an unknown god.
 12554 | D:9      | Received a gift from Okawaru
 12556 | D:9      | Reached XP level 11. HP: 44/71 MP: 11/27
 12855 | D:10     | Entered Level 10 of the Dungeon
 13162 | D:10     | Noticed a death yak
 13180 | D:10     | Killed a death yak
 13187 | D:10     | Noticed a death yak
 13189 | D:10     | Noticed a death yak
 13191 | D:10     | Noticed a death yak
 13484 | D:10     | Found a staircase to the Lair.
 13537 | Lair:1   | Entered Level 1 of the Lair of Beasts
 13632 | Lair:1   | Noticed a six-headed hydra
 13640 | Lair:1   | Killed a six-headed hydra
 13641 | Lair:1   | Reached skill level 11 in Spellcasting
 13792 | Lair:1   | Noticed a four-headed hydra
 13802 | Lair:1   | Killed a four-headed hydra
 13803 | Lair:1   | Reached skill level 10 in Fighting
 14000 | Lair:1   | Received a gift from Okawaru
 14270 | Lair:1   | Noticed a catoblepas
 14329 | Lair:1   | Killed a catoblepas
 14330 | Lair:1   | Reached skill level 10 in Earth Magic
 15079 | Lair:2   | Noticed a boulder beetle
 15101 | Lair:2   | Killed a boulder beetle
 15101 | Lair:2   | Reached ****** piety under Okawaru
 15101 | Lair:2   | Received a gift from Okawaru
 15596 | Lair:2   | Found a hole to the Spider Nest.
 15838 | Lair:2   | Reached XP level 12. HP: 79/79 MP: 23/29
 15915 | Lair:2   | Reached skill level 12 in Spellcasting
 16283 | Lair:2   | Found a staircase to the Swamp.
 16496 | Lair:3   | You fall into a shaft and drop 1 floor!
 16497 | Lair:4   | Noticed a six-headed hydra
 16518 | Lair:4   | Killed a six-headed hydra
 16521 | Lair:4   | Received a gift from Okawaru
 17677 | Lair:4   | Noticed a boulder beetle
 17697 | Lair:4   | Killed a boulder beetle
 17698 | Lair:4   | Reached skill level 13 in Spellcasting
 18581 | Lair:5   | Noticed Kirke
 18585 | Lair:5   | Killed Kirke
 18585 | Lair:5   | Received a gift from Okawaru
 18597 | Lair:5   | Reached XP level 13. HP: 76/85 MP: 24/32
 19041 | Lair:5   | Found a staircase to the Slime Pits.
 19417 | Lair:6   | Entered Level 6 of the Lair of Beasts
 19857 | Lair:5   | Reached XP level 14. HP: 92/92 MP: 33/33
 20456 | Lair:6   | Reached skill level 14 in Spellcasting
 20579 | Lair:6   | Received a gift from Okawaru
 21156 | Lair:6   | Received a gift from Okawaru
 24797 | Lair:3   | Noticed Snorg
 24806 | Lair:3   | Killed Snorg
 24806 | Lair:3   | Received a gift from Okawaru
 25367 | D:11     | Found a frozen archway.
 25377 | IceCv    | Entered an ice cave
 26183 | IceCv    | Reached skill level 15 in Spellcasting
 26240 | IceCv    | Reached XP level 15. HP: 87/100 MP: 30/36
 26370 | IceCv    | Identified the +1 ice dragon scales of Evolution {rF- rC++
                  | Str+3}
 26376 | IceCv    | Identified the Reference Book on Flying Poison
 27759 | D:11     | Noticed Fannar
 27767 | D:11     | Killed Fannar
 27795 | D:11     | Found a staircase to the Orcish Mines.
 29682 | Orc:1    | Entered Level 1 of the Orcish Mines
 30172 | Orc:1    | Found Keadgheto's Jewellery Emporium.
 30179 | Orc:1    | Found a runed translucent door.
 30180 | Orc:1    | Bought the ring of the Enemy {rElec EV+4 Str-3 Int+4 Dex+5}
                  | for 876 gold pieces
 30188 | Orc:1    | Noticed Vuxtiasch's ghost (journeyman GnHu)
 30399 | Orc:2    | Entered Level 2 of the Orcish Mines
 30592 | Orc:2    | Found a staircase to the Elven Halls.
 30852 | Orc:2    | Noticed an orc warlord
 31171 | Orc:2    | Received a gift from Okawaru
 31552 | Orc:2    | Killed an orc warlord
 31684 | Orc:2    | Found Ezusi's General Store.
 31695 | Orc:2    | Bought a scroll of magic mapping for 45 gold pieces
 31695 | Orc:2    | Bought a scroll of immolation for 45 gold pieces
 31695 | Orc:2    | Bought a scroll of blinking for 97 gold pieces
 31695 | Orc:2    | Bought a potion of ambrosia for 104 gold pieces
 31908 | Orc:2    | Found Riomua's Antique Weapon Boutique.
 32151 | Orc:2    | Found Fidimeh's Book Boutique.
 32176 | Orc:2    | Found Pezxu's Antique Armour Boutique.
 32294 | Elf:1    | Entered Level 1 of the Elven Halls
 32298 | Elf:1    | Reached skill level 10 in Shields
 32723 | Elf:1    | Received a gift from Okawaru
 33002 | Elf:1    | Found Lylemasm's Distillery.
 33010 | Elf:1    | Bought a potion of cancellation for 160 gold pieces
 33010 | Elf:1    | Bought a potion of curing for 60 gold pieces
 33014 | Elf:1    | Found Holi's Assorted Antiques.
 33028 | Elf:1    | Bought a scroll of teleportation for 123 gold pieces
 33028 | Elf:1    | Bought a scroll of fog for 82 gold pieces
 33045 | Elf:1    | Found Dihidou's Weapon Emporium.
 33060 | Elf:1    | Noticed Agnes
 33061 | Elf:1    | Noticed a deep elf sorcerer
 33074 | Elf:1    | Killed a deep elf sorcerer
 33267 | Elf:1    | Learned a level 4 spell: Leda's Liquefaction
 33464 | Elf:1    | Killed Agnes
 33728 | Elf:1    | Identified the Disquisition on Attacks
 33757 | Elf:1    | Found Wijyeshre's Weapon Boutique.
 34234 | Elf:2    | Reached XP level 16. HP: 107/107 MP: 36/37
 34691 | Elf:2    | Found Kotulujo's General Store.
 34699 | Elf:2    | Bought a potion of flight for 51 gold pieces
 34761 | Elf:2    | Found a runed translucent gate.
 34761 | Elf:2    | Found a runed translucent gate.
 34762 | Elf:2    | Found a runed translucent gate.
 34994 | Elf:2    | Identified the +7 trident of Puvuroth {flame, +Inv}
 35024 | Elf:2    | Identified the +4 ring mail "Rarphum" {rElec rPois Will+
                  | Dex-2} (Okawaru gifted it to you on level 2 of the Elven
                  | Halls)
 35024 | Elf:2    | Received a gift from Okawaru
 35452 | Elf:2    | Identified the +4 spear of Wounding {vorpal, Str-3 Int+7
                  | Dex+4} (You took it off a deep elf zephyrmancer on level 2
                  | of the Elven Halls)
 37143 | D:12     | Noticed Nessos
 37154 | D:12     | Killed Nessos
 37468 | D:13     | Found a gate to the Vaults.
 37524 | D:13     | Found Gufes's General Store.
 37619 | D:13     | Found a flagged portal.
 37626 | Bailey   | Entered a bailey
 38740 | D:13     | Received a gift from Okawaru
 39017 | D:13     | Noticed Maurice
 39027 | D:13     | Killed Maurice
 41030 | D:14     | Reached skill level 15 in Shields
 41034 | D:14     | Learned a level 3 spell: Mephitic Cloud
 41207 | D:15     | Entered Level 15 of the Dungeon
 41306 | D:15     | Reached XP level 17. HP: 112/112 MP: 7/38
 42331 | D:15     | Received a gift from Okawaru
 42873 | D:15     | Found a staircase to the Depths.
 43547 | Swamp:1  | Entered Level 1 of the Swamp
 44145 | Lair:2   | Reached skill level 16 in Spellcasting
 45491 | Swamp:2  | Reached skill level 15 in Earth Magic
 46051 | Swamp:1  | Reached skill level 17 in Spellcasting
 46316 | Swamp:2  | Identified the +8 short sword "Cupotuin" {freeze, +Fly rC-
                  | Int+5 Stlth+} (Okawaru gifted it to you on level 2 of the
                  | Swamp)
 46316 | Swamp:2  | Received a gift from Okawaru
 47624 | Swamp:2  | Reached XP level 18. HP: 86/117 MP: 7/41
 47899 | Swamp:2  | Noticed a tentacled monstrosity
 47910 | Swamp:2  | Killed a tentacled monstrosity
 48073 | Swamp:2  | Identified the +4 hunting sling "Senufar" {vorpal, +Inv
                  | rPois rC- Dex+9} (Okawaru gifted it to you on level 2 of
                  | the Swamp)
 48073 | Swamp:2  | Received a gift from Okawaru
 48426 | Swamp:2  | Reached skill level 18 in Spellcasting
 49101 | Orc:2    | Bought a book of the Tempests for 770 gold pieces
 49111 | Orc:2    | Learned a level 9 spell: Shatter
 50021 | Elf:2    | Received a gift from Okawaru
 50228 | Elf:3    | Entered Level 3 of the Elven Halls
 50349 | Elf:3    | Noticed Nikola
 50361 | Elf:3    | Reached skill level 19 in Spellcasting
 50361 | Elf:3    | Killed Nikola
 50714 | Elf:3    | Received a gift from Okawaru
 50969 | Elf:3    | Noticed Donald
 50979 | Elf:3    | Killed Donald
 51105 | Elf:3    | Found Useeg's Antique Weapon Boutique.
 51105 | Elf:3    | Found Redacuto's Armour Shop.
 51119 | Elf:3    | Bought a +0 helmet of intelligence for 161 gold pieces
 51140 | Elf:3    | Found Pafimesh's Weapon Emporium.
 51202 | Elf:3    | Noticed Bai Suzhen
 51404 | Elf:3    | Identified the ring "Jiesigie" {rCorr Str+5}
 51506 | Elf:3    | Reached skill level 20 in Spellcasting
 51793 | Elf:3    | Killed Bai Suzhen
 51794 | Elf:3    | Reached XP level 19. HP: 76/122 MP: 19/45
 52197 | Elf:3    | Identified the +6 spear of Vovoell {pain, *Slow +Fly rC+}
 52215 | Elf:3    | Identified the +9 war axe of Tem Reud {freeze, Will+ Str+2
                  | Dex-3}
 52508 | Orc:1    | Bought the ring of Gaps {Wiz Str+3} for 606 gold pieces
 52779 | Elf:3    | Identified the amulet of the Several Leylines {Acrobat rC+
                  | rN++ Slay+3}
 53024 | Elf:3    | Identified the ring "Leidost" {Fire +Fly rN+++ Dex-2
                  | Stlth-}
 53085 | Elf:3    | Identified the +1 chain mail of Jigsaw {Dex+4}
 53095 | Elf:3    | Identified Aroseotz's Grimoire of the Torrid Oath
 53437 | Spider:1 | Entered Level 1 of the Spider Nest
 54597 | Spider:2 | Noticed Arachne
 54629 | Spider:2 | Killed Arachne
 54631 | Spider:2 | Received a gift from Okawaru
 55262 | Spider:1 | Reached skill level 21 in Spellcasting
 55527 | Spider:2 | Identified a scroll of acquirement
 55533 | Spider:2 | Acquired a staff of earth
 55790 | Spider:2 | Learned a level 5 spell: Bolt of Magma
 56301 | Spider:2 | Identified the +0 robe of Trial and Error {Rampage rF+
                  | Int-2 Slay+4}
 58773 | Spider:4 | Entered Level 4 of the Spider Nest
 58790 | Spider:3 | Identified the +7 hunting sling of Xoluer {flame, *Corrode
                  | MP+9 Int-3 SInv} (Okawaru gifted it to you on level 3 of
                  | the Spider Nest)
 58790 | Spider:3 | Received a gift from Okawaru
 61809 | Spider:4 | Reached XP level 20. HP: 68/128 MP: 18/47
 62494 | Spider:4 | Got a gossamer rune of Zot
 62997 | Swamp:3  | Identified the +5 quarterstaff "Weag" {holy, rC+} (Okawaru
                  | gifted it to you on level 3 of the Swamp)
 62997 | Swamp:3  | Received a gift from Okawaru
 63736 | Swamp:4  | Entered Level 4 of the Swamp
 64336 | Swamp:4  | Reached skill level 22 in Spellcasting
 64814 | Swamp:4  | Identified Roxanne's Papyrus of Shape Shifting
 64814 | Swamp:4  | Noticed Roxanne
 64817 | Swamp:4  | Killed Roxanne
 66003 | Swamp:4  | Got a decaying rune of Zot
 66334 | D:5      | Bought a potion of flight for 42 gold pieces
 66334 | D:5      | Bought a potion of haste for 140 gold pieces
 66334 | D:5      | Bought a potion of brilliance for 56 gold pieces
 66334 | D:5      | Bought a potion of flight for 42 gold pieces
 66334 | D:5      | Bought a potion of curing for 42 gold pieces
 66473 | Vaults:1 | Entered Level 1 of the Vaults
 66780 | Vaults:1 | Identified the +8 longbow of Hard Scrabble {freeze, MP+9}
                  | (Okawaru gifted it to you on level 1 of the Vaults)
 66780 | Vaults:1 | Received a gift from Okawaru
 67711 | Vaults:1 | Identified Sif Muna's Disquisition on Creative Darkness
 68267 | Vaults:1 | Received a gift from Okawaru
 70040 | Vaults:2 | Reached skill level 23 in Spellcasting
 70065 | Vaults:2 | Reached XP level 21. HP: 64/132 MP: 17/50
 70130 | Vaults:2 | Found a staircase to the Crypt.
 70225 | Vaults:2 | Found a flickering gateway to a bazaar.
 70234 | Bazaar   | Entered a bazaar
 70236 | Bazaar   | Found Sioluz Iraa's Jewellery Boutique.
 70354 | Bazaar   | Found Poniawk's Antique Armour Boutique.
 70354 | Bazaar   | Found Byuttyeg's Distillery.
 70355 | Bazaar   | Found Kosithef's Magic Scroll Boutique.
 70385 | Bazaar   | Bought a potion of heal wounds for 40 gold pieces
 70385 | Bazaar   | Bought a potion of curing for 24 gold pieces
 70385 | Bazaar   | Bought a potion of haste for 80 gold pieces
 70385 | Bazaar   | Bought a potion of brilliance for 32 gold pieces
 70387 | Bazaar   | Bought a potion of mutation for 64 gold pieces
 70395 | Bazaar   | Bought a scroll of blinking for 142 gold pieces
 70403 | Bazaar   | Bought a potion of flight for 24 gold pieces
 70403 | Bazaar   | Bought a potion of lignification for 24 gold pieces
 70403 | Bazaar   | Bought a potion of lignification for 24 gold pieces
 70403 | Bazaar   | Bought a potion of flight for 24 gold pieces
 70403 | Bazaar   | Bought a potion of lignification for 24 gold pieces
 70403 | Bazaar   | Bought 2 potions of lignification for 48 gold pieces
 70403 | Bazaar   | Bought a potion of flight for 24 gold pieces
 70519 | Vaults:2 | Received a gift from Okawaru
 70699 | Vaults:2 | Identified the +2 buckler "Sutwi" {rElec rF+}
 71389 | Vaults:2 | Identified the +6 chain mail of Bipol {rElec Dex+4}
 71875 | Vaults:2 | Received a gift from Okawaru
 73692 | Vaults:3 | Reached skill level 15 in Fighting
 73858 | Vaults:3 | Identified the +2 hat of Obamess {+Inv rElec} (Okawaru
                  | gifted it to you on level 3 of the Vaults)
 73858 | Vaults:3 | Received a gift from Okawaru
 74046 | Vaults:3 | Reached skill level 24 in Spellcasting
 74213 | Vaults:3 | Reached XP level 22. HP: 131/140 MP: 25/52
 74430 | Vaults:3 | Reached skill level 1 in Armour
 76534 | Vaults:4 | Acquired the +0 pair of gloves of Fizuo {rC+ MP+9}
 77045 | Vaults:5 | Entered Level 5 of the Vaults
 77047 | Vaults:5 | Identified the +5 chain mail "Xikh" {Int+2} (Okawaru gifted
                  | it to you on level 5 of the Vaults)
 77047 | Vaults:5 | Received a gift from Okawaru
 77048 | Vaults:5 | Reached skill level 5 in Dodging
 77128 | Vaults:5 | Noticed Mara
 77131 | Vaults:5 | Noticed Johnny's illusion
 77248 | Vaults:5 | Killed Mara
 77469 | Vaults:5 | Identified the +1 cloak "Loloj" {rPois} (Okawaru gifted it
                  | to you on level 5 of the Vaults)
 77469 | Vaults:5 | Received a gift from Okawaru
 77643 | Vaults:5 | Identified the amulet of Loitejegg {Reflect rF+ SH+5}
 77647 | Vaults:4 | Reached XP level 23. HP: 68/145 MP: 35/53
 77925 | Vaults:5 | Identified the +8 shortbow of Duof Bi Reo {flame, rPois
                  | Str+3 Stlth+}
 77930 | Vaults:5 | Reached skill level 5 in Armour
 78908 | Vaults:5 | Received a gift from Okawaru
 79109 | Vaults:5 | Identified the ring "Muosul" {Ice *Slow rElec rPois MP+9}
 79215 | Vaults:5 | Found Attix's Distillery.
 79233 | Vaults:5 | Bought a potion of lignification for 33 gold pieces
 79233 | Vaults:5 | Bought 2 potions of mutation for 176 gold pieces
 79233 | Vaults:5 | Bought a potion of brilliance for 44 gold pieces
 79233 | Vaults:5 | Bought a potion of resistance for 110 gold pieces
 79233 | Vaults:5 | Bought a potion of curing for 33 gold pieces
 79233 | Vaults:5 | Bought a potion of cancellation for 88 gold pieces
 79233 | Vaults:5 | Bought a potion of heal wounds for 55 gold pieces
 79233 | Vaults:5 | Bought a potion of flight for 33 gold pieces
 79233 | Vaults:5 | Bought a potion of flight for 33 gold pieces
 79260 | Vaults:5 | Identified Ribby's Reference Book on the Excruciating
                  | Snowflakes
 79294 | Vaults:5 | Identified the +1 plate armour "Plog" {Will++}
 79502 | Vaults:5 | Got a silver rune of Zot
 79530 | Vaults:5 | Identified the Papyrus of Shape Shifting and Dislocation
 79611 | Vaults:5 | Found the amulet of the Air {Inacc +Fly rElec EV+5 RMsl}
 79877 | Vaults:5 | Identified the +7 scimitar of Bloody Death {speed, Str+2}
 79923 | Vaults:5 | Identified the +3 morningstar of the Witching Pill Bug
                  | {freeze, *Noise +Blink +Inv rElec}
 80065 | Crypt:1  | Entered Level 1 of the Crypt
 80087 | Crypt:1  | Reached skill level 25 in Spellcasting
 81976 | Crypt:2  | Found a transporter.
 81979 | Crypt:2  | Found the +0 pair of fencer's gloves {Riposte Dex+3}
 82092 | Crypt:2  | Learned a level 2 spell: Blink
 82373 | Crypt:2  | Found a transporter.
 82387 | Crypt:2  | Received a gift from Okawaru
 83114 | Crypt:2  | Noticed an ancient lich
 83118 | Crypt:2  | Killed an ancient lich
 83272 | Crypt:2  | Identified the ring "Acoiw" {EV+4 Slay+2}
 83285 | Crypt:2  | Identified the ring "Cununyass" {rPois Str+6}
 83352 | Crypt:3  | Entered Level 3 of the Crypt
 83353 | Crypt:3  | Noticed an ancient lich
 83354 | Crypt:3  | Reached skill level 5 in Stealth
 83355 | Crypt:3  | Killed an ancient lich
 83361 | Crypt:3  | Reached XP level 24. HP: 154/154 MP: 19/54
 83533 | Crypt:3  | Noticed Frederick
 83538 | Crypt:3  | Killed Frederick
 83682 | Crypt:3  | Reached skill level 10 in Dodging
 84645 | Crypt:3  | Noticed a dread lich
 84796 | Crypt:3  | Killed a dread lich
 84803 | Crypt:3  | Identified the +1 pair of boots "Leopid" {+Blink rElec
                  | Int+2} (Okawaru gifted it to you on level 3 of the Crypt)
 84803 | Crypt:3  | Received a gift from Okawaru
 85447 | Crypt:3  | Identified Cigotuvi's Reference Book on Sinister Rituals
 85615 | Crypt:3  | Found a staircase to the Tomb.
 85809 | Crypt:3  | Found an ancient bone altar of Kikubaaqudgha.
 85870 | Tomb:1   | Entered Level 1 of the Tomb of the Ancients
 85871 | Tomb:1   | Noticed a royal mummy
 85872 | Tomb:1   | Noticed a royal mummy
 85874 | Tomb:1   | Killed a royal mummy
 85874 | Tomb:1   | Noticed a royal mummy
 85874 | Tomb:1   | Noticed a royal mummy
 85874 | Tomb:1   | Noticed a royal mummy
 85875 | Tomb:1   | Killed a royal mummy
 85875 | Tomb:1   | Noticed a royal mummy
 86213 | Tomb:1   | Killed a royal mummy
 86213 | Tomb:1   | Killed a royal mummy
 86213 | Tomb:1   | Killed a royal mummy
 86213 | Tomb:1   | Noticed a royal mummy
 86583 | Tomb:1   | Noticed a royal mummy
 86584 | Tomb:1   | Killed a royal mummy
 86585 | Tomb:1   | Killed a royal mummy
 86585 | Tomb:1   | Killed a royal mummy
 86586 | Tomb:1   | Noticed a royal mummy
 86821 | Tomb:1   | Killed a royal mummy
 86821 | Tomb:1   | Noticed a royal mummy
 86822 | Tomb:1   | Noticed a royal mummy
 86963 | Tomb:1   | Noticed a royal mummy
 86964 | Tomb:1   | Killed a royal mummy
 86965 | Tomb:1   | Killed a royal mummy
 86965 | Tomb:1   | Killed a royal mummy
 86965 | Tomb:1   | Received a gift from Okawaru
 86965 | Tomb:1   | Noticed a royal mummy
 86966 | Tomb:1   | Reached XP level 25. HP: 160/160 MP: 28/54
 86968 | Tomb:1   | Killed a royal mummy
 86968 | Tomb:1   | Noticed a royal mummy
 87148 | Tomb:1   | Killed a royal mummy
 87149 | Tomb:1   | Noticed a royal mummy
 87335 | Tomb:1   | Killed a royal mummy
 87808 | Tomb:1   | Noticed a royal mummy
 87876 | Tomb:1   | Noticed a royal mummy
 87879 | Tomb:1   | Killed a royal mummy
 88108 | Tomb:1   | Paralysed by a sphinx for 3 turns
 88114 | Tomb:1   | Reached skill level 26 in Spellcasting
 88222 | Tomb:1   | Identified the +0 kite shield of Wouwuush {Harm Str+2 Dex+3
                  | Stlth+} (Okawaru gifted it to you on level 1 of the Tomb of
                  | the Ancients)
 88222 | Tomb:1   | Received a gift from Okawaru
 88365 | Tomb:1   | Reached skill level 10 in Stealth
 88382 | Tomb:1   | Noticed Mennas
 88838 | Slime:1  | Entered Level 1 of the Pits of Slime
 88972 | Slime:1  | Gained mutation: Your body sometimes deteriorates upon
                  | taking damage. [a shining eye]
 89358 | Slime:1  | You fall into a shaft and drop 1 floor!
 89765 | Slime:2  | Noticed Dissolution
 89902 | Slime:2  | Killed Dissolution
 90866 | Slime:4  | Identified the +1 pair of gloves of Jara {-Cast rElec
                  | Dex+4} (Okawaru gifted it to you on level 4 of the Pits of
                  | Slime)
 90866 | Slime:4  | Received a gift from Okawaru
 91803 | Slime:5  | Entered Level 5 of the Pits of Slime
 91943 | Slime:5  | Gained mutation: Potions are less effective at restoring
                  | your health. [a shining eye]
 91945 | Slime:5  | Noticed the Royal Jelly
 91946 | Slime:5  | Reached XP level 26. HP: 152/169 MP: 30/55
 92106 | Slime:5  | Found a viscous altar of Jiyva.
 92112 | Slime:5  | Found the +8 orange crystal plate armour {Archmagi, Int+3
                  | Clar}
 92306 | Slime:5  | Killed the Royal Jelly
 92679 | Slime:5  | Identified the Disquisition on Excruciating Dislocation
 92715 | Slime:5  | Identified the +11 rapier of the Dungeon {flame, *Drain
                  | +Blink rN+ Int+2}
 92736 | Slime:5  | Identified the +10 morningstar of Nitick {venom, +Fly rC++
                  | Str+3}
 92746 | Slime:5  | Identified the ring "Ushys" {rElec rPois Int+6 Dex-2
                  | Stlth+}
 92766 | Slime:5  | Identified the Catalogue of Transformation and Creation
 92778 | Slime:5  | Got a slimy rune of Zot
 93516 | Depths:1 | Entered Level 1 of the Depths
 93541 | Depths:1 | Reached skill level 10 in Armour
 94138 | Depths:1 | Found Goekizag's Book Shop.
 94139 | Depths:1 | Found Foagefim's Jewellery Emporium.
 94140 | Depths:1 | Found Serr's Book Shop.
 94150 | Depths:1 | Bought a book of Power for 900 gold pieces
 94156 | Depths:1 | Learned a level 5 spell: Borgnjor's Vile Clutch
 94163 | Depths:1 | Learned a level 6 spell: Iron Shot
 94303 | Depths:1 | Found a gateway to Hell.
 94574 | Depths:1 | Identified the +1 crystal plate armour of Subjectivity
                  | {Str+4 Dex+3} (Okawaru gifted it to you on level 1 of the
                  | Depths)
 94574 | Depths:1 | Received a gift from Okawaru
 94774 | Depths:1 | Found the ring of the Tortoise {AC+8}
 94807 | Depths:2 | Found a gateway to a ziggurat.
 94945 | Depths:2 | Found a sparkling altar of Nemelex Xobeh.
 94950 | Depths:2 | Noticed Aizul
 95265 | Depths:2 | Killed Aizul
 95409 | Depths:2 | Noticed Asterion
 95411 | Depths:2 | Killed Asterion
 95616 | Depths:2 | Found a one-way gate leading to the halls of Pandemonium.
 96952 | Depths:3 | Noticed a juggernaut
 96962 | Depths:3 | Killed a juggernaut
 96963 | Depths:3 | Reached XP level 27. HP: 175/175 MP: 10/55
 97104 | Depths:3 | Received a gift from Okawaru
 97547 | Depths:3 | Reached skill level 15 in Armour
 97552 | Depths:3 | Received a gift from Okawaru
 98530 | Depths:4 | Found a one-way gate to the infinite horrors of the Abyss.
 98792 | Depths:4 | Paralysed by a great orb of eyes for 6 turns
 99341 | Depths:4 | Identified the ring "Tamigai" {Wiz +Blink rC+}
 99836 | Depths:5 | Entered Level 5 of the Depths
100503 | Depths:5 | Received a gift from Okawaru
100784 | Depths:5 | Found a gate to the Realm of Zot.
101480 | Depths:5 | Received a gift from Okawaru
101747 | Depths:5 | Found a shadowy altar of Dithmenos.
101751 | Depths:5 | Found a snail-covered altar of Cheibriados.
101760 | Depths:5 | Found a hide-covered altar of Uskayaw.
102102 | Depths:5 | Identified the +3 leather armour of Lifelessness {+Blink
                  | rElec}
102202 | Depths:5 | Noticed a juggernaut
102208 | Depths:5 | Killed a juggernaut
102457 | Depths:5 | Identified the +4 cloak of the Moneychanger {-Cast +Fly
                  | Str-5 Int+5}
102740 | Depths:5 | Fell from the grace of Okawaru
102740 | Depths:5 | Became a worshipper of Dithmenos the Shadowed
102938 | Depths:4 | Voluntarily entered the Abyss.
102938 | Abyss:1  | Found a corrupted altar of Lugonu.
103355 | Abyss:1  | Reached * piety under Dithmenos
103909 | Abyss:1  | Reached ** piety under Dithmenos
104722 | Abyss:2  | Found a corrupted altar of Lugonu.
104799 | Abyss:2  | Reached *** piety under Dithmenos
105390 | Abyss:2  | Reached **** piety under Dithmenos
105973 | Abyss:2  | Found a corrupted altar of Lugonu.
106331 | Abyss:3  | Found a basalt altar of Yredelemnul.
106360 | Abyss:3  | Reached ***** piety under Dithmenos
106627 | Abyss:4  | Found a corrupted altar of Lugonu.
106697 | Abyss:4  | Found a corrupted altar of Lugonu.
106748 | Abyss:4  | Found a transporter.
106751 | Abyss:4  | Reached skill level 15 in Dodging
106751 | Abyss:4  | Found a corrupted altar of Lugonu.
106826 | Abyss:4  | Noticed a dread lich
106864 | Abyss:4  | Killed a dread lich
106872 | Abyss:5  | Entered Level 5 of the Abyss
106936 | Abyss:5  | HP: 1/177 [spatial maelstrom (15)]
106939 | Abyss:5  | Killed from afar by a wretched star

Illustrated notes

Levels and vault maps discovered:
D:1:      dpeg_arrival_windows_large_door, layout_loops_ring
D:2:      layout_basic, uniq_crazy_yiuf_cottage
D:3:      layout_basic, nicolae_tso_carved_into_rock, okawaru_altar_gauntlet_db
D:4:      layout_basic, uniq_blork_the_orc, uniq_duvessa
D:5:      layout_basic, overflow_temple_1_default,
          minmay_temple_entry_butterflies, serial_shops, shop_fountains
D:6:      layout_loops_ring
D:7:      minmay_cornered_nines, layout_basic, marbit_many_paths,
          roderic_serpentine_path, minmay_misc_feat_enclosed, uniq_pikel
D:8:      layout_layer_cave, chequers_temple_overflow_minitemple
D:9:      layout_basic, nicolae_hepliaklqana_ecumenical_no_more,
          minmay_guarded_unrand_variability, uniq_psyche
D:10:     layout_stronghold, dpeg_lair_monsters, minivault_25_ag
D:11:     minmay_curly_fans, layout_loops_corners, david_orc_1_choice,
          portal_ice_cave_entry_ice_beasts, uniq_fannar
D:12:     layout_basic, corexii_corridor_pit, uniq_nessos
D:13:     layout_basic, erik_vaults_2, serial_shops, shop, enter_bailey_4,
          serial_ice, serial_ice_m, serial_ice_o, serial_ice_f, serial_ice_i,
          grunt_ministairs_13, uniq_maurice
D:14:     layout_rooms, roderic_roman_lattice
D:15:     hangedman_depths_entry_civil_slaughter, layout_basic, serial_glass,
          glass_columns_b, glass_columns_a, lemuel_another_geyser
Lair:1:   layout_roguey, grunt_megastairs_3
Lair:2:   layout_small_grid, minmay_swamp_entry_worms,
          spider_nest_entry_web_field, serial_forest,
          infiniplex_forest_clump_long, infiniplex_forest_lined_ring,
          infiniplex_forest_end_2, infiniplex_forest_lined_room_3,
          infiniplex_forest_clump_small, infiniplex_forest_clump_diagonal,
          infiniplex_forest_lined_ring, infiniplex_forest_straight_1,
          infiniplex_forest_zigzag_1, infiniplex_forest_end_2, special_room
          [special_room_bee]
Lair:3:   layout_gridlike, nzn_sisyphean_effort, uniq_snorg
Lair:4:   layout_regular_city, beast_lair_carwin_2
Lair:5:   layout_loops_ring, minmay_slime_entry_pillars, wad_woods_road_06,
          grunt_forest_stairs_basic, chequers_serial_rivers_micro_b, uniq_kirke
Lair:6:   guppyfry_lair_end_dragon, layout_gridlike, hangedman_lair_in_review,
          infiniplex_staircase_pool_2
Swamp:1:  layout_falls_marsh, nicolae_swamp_big_swirl
Swamp:2:  nzn_winding_woodlands_medium [nzn_winding_woodlands_5x5_three,
          nzn_winding_woodlands_5x15_twine, nzn_winding_woodlands_hourglass,
          nzn_winding_woodlands_5x5_cross, nzn_winding_woodlands_center_lodge,
          nzn_winding_woodlands_5x5_checkerboard,
          nzn_winding_woodlands_5x5_open_star,
          nzn_winding_woodlands_5x15_crooked,
          nzn_winding_woodlands_5x5_perimeter], layout_falls_marsh,
          evilmike_swamp_ruin_wall, swamp_pool1
Swamp:3:  layout_basic_swamp, evilmike_swamp_ruin_house_5
Swamp:4:  swamp_icy, layout_basic_swamp, swamp_pool4, uniq_roxanne
Spider:1: layout_spider_delve
Spider:2: layout_chambers, drop_trap, nicolae_spider_webs_and_nodes,
          zaba_anthell, hangedman_spider_tarantella_strand, uniq_arachne
Spider:3: layout_spider_delve
Spider:4: grunt_spider_rune_circles
Slime:1:  layout_caves
Slime:2:  cheibrodos_slime_lost_civilization_9, layout_caves, uniq_dissolution
Slime:3:  layout_caves, dissolution_awaits
Slime:4:  layout_caves
Slime:5
Orc:1:    layout_diamond_mine, ebering_ghost_inner_flame, serial_shops,
          shop_statue
Orc:2:    grunt_orc_cross, layout_caves
Elf:1:    layout_rooms, serial_shops, nicolae_shop_competitors_out_of_business,
          nicolae_shop_statue_plus, shop_fountains, shop,
          minmay_elf_annihilation, st_stairs_10, uniq_agnes
Elf:2:    layout_onion_city, serial_shops, nicolae_shop_trees, evilmike_minifort
Elf:3:    elf_hall, layout_gridlike, serial_shops,
          nicolae_shop_temple_entry_statues_fountains, lemuel_flamethrower_2,
          minmay_shoptagon, uniq_donald, uniq_bai_suzhen, uniq_nikola
Vaults:1: hangedman_vaults_stagger, vaults_mumra_lcd, grunt_vaults_funnel,
          nicolae_vaults_know_your_exits, grunt_vaults_swirl,
          vaults_standard_mumra_enter_the_diamond, v_misc_33,
          hangedman_vaults_trim, ontoclasm_vaults_bender, v_misc_14,
          layout_vaults_chaotic_city
Vaults:2: grunt_vaults_twisty, minmay_crypt_entry_simple_statues,
          ontoclasm_vaults_ring_square, ontoclasm_vaults_misaligned,
          nicolae_vaults_angled_halls, nicolae_vaults_ring_of_whatevers,
          nicolae_vaults_network_s, hangedman_vaults_river_flow,
          ontoclasm_vaults_spin, v_rooms_1, vaults_standard_mumra_lines,
          layout_vaults_omnibox, serial_shops, bzr_entry_dummy
Vaults:3: vaults_mumra_minichess_inversion, hangedman_vaults_nails,
          hangedman_vaults_corner, ontoclasm_vaults_ring_large,
          nicolae_vaults_meeting, v_pattern_4, nicolae_vaults_circle_grid_b,
          vaults_mumra_minichess, hangedman_vaults_slice,
          nicolae_vaults_little_ls, vaults_dpeg_ring, ontoclasm_vaults_shuriken,
          layout_vaults_omnicross
Vaults:4: hangedman_vaults_trim, nicolae_vaults_little_squares_2,
          hangedman_vaults_cutoff, ontoclasm_vaults_gateway, v_misc_10,
          layout_vaults_omnigrid
Vaults:5: serial_shops, uniq_mara
Crypt:1:  layout_misc_corridors, skrybe_necro_troll_1, grunt_crypt_arrival_split
Crypt:2:  gammafunk_its_a_trap, layout_gridlike
Crypt:3:  due_elkab, layout_chaotic_city, tomb_entry_simple_bobbens,
          wad_floor_pattern_untrapped, lemuel_mausoleum_altar_kikubaaqudgha,
          uniq_frederick
Tomb:1:   uniq_mennas
Depths:1: layout_cave_shapes, grunt_hell_entry_dis_mu, minmay_misc_feat_square,
          columned_hall_lemuel, nrook_uturn, minmay_guarded_unrand_tortoise,
          minmay_shop_grove
Depths:2: minmay_inner_zag, layout_cross, enter_ziggurat_c, hell_entry,
          pan_entry, nemelex_xobeh_ov_fountains_minmay, uniq_asterion,
          uniq_aizul
Depths:3: hangedman_cross_veins, layout_gridlike, serial_bayou,
          serial_bayou_ford_a, serial_bayou_shore_a, serial_bayou_lagoon_a,
          serial_bayou_shore_b, serial_bayou_pond_c, rand_demon_pan_entry_5,
          hell_entry, kennysheep_donut, hangedman_decor_slide_cut
Depths:4: minmay_the_grid_octo_triangle [minmay_the_grid_octo_fat_diamond,
          minmay_the_grid_octo_prize_star, minmay_the_grid_octo_teeth],
          layout_honeycomb, grunt_decor_arrowhead, pf_coc_iceberg, abyss_entry,
          firewood_loft
Depths:5: hangedman_slaughterboxes, serial_shops, hell_entry
Abyss:5:  base: Vaults:5, guppyfry_abyss_exit_glass_guarded,
          nicolae_abyss_rune_left_handed

Skill      XL: |  1  2  3  4  5  6  7  8  9 10 11 12 13 14 15 16 17 18 19 20 21 22 23 24 25 26 27 |
---------------+----------------------------------------------------------------------------------+-----
Fighting       | 1 2 3 4 5 6 8 9 10 11 12 13 14 15 16 17 18 19 | 19.6
Spellcasting   | 4 5 6 7 9 10 11 13 15 17 20 21 23 24 25 26 | 26.3
Earth Magic    | 4 5 6 8 9 10 11 12 13 15 17 20 22 23 24 | 24.2
Shields        | 2 3 5 6 7 8 9 12 15 16 17 | 17.4
Armour         | 4 6 8 9 14 21 | 21.4
Dodging        | 7 9 11 13 14 15 | 15.5
Stealth        | 5 9 11 12 | 12.1
Transmutations | |  1.1

Action                   |  1- 3 |  4- 6 |  7- 9 | 10-12 | 13-15 | 16-18 | 19-21 | 22-24 | 25-27 || total
-------------------------+-------+-------+-------+-------+-------+-------+-------+-------+-------++-------
Melee: Unarmed           |     6 |       |       |       |       |       |       |       |       ||     6
       Dagger            |    40 |       |       |       |       |       |       |       |       ||    40
       Quarterstaff      |       |    62 |   140 |    38 |       |       |       |       |       ||   240
       Long sword        |       |       |       |    12 |       |       |       |       |       ||    12
       Rapier            |       |       |       |    32 |     3 |       |       |       |       ||    35
       Demon whip        |       |       |       |       |   148 |     6 |       |       |       ||   154
       Spear             |       |       |       |       |       |   103 |    75 |     8 |       ||   186
       Staff             |       |       |       |       |       |       |       |    38 |    51 ||    89
 Cast: Sandblast         |    27 |    47 |    71 |    30 |    62 |   235 |   141 |    18 |    91 ||   722
       Stone Arrow       |       |       |    18 |   158 |   275 |   440 |    89 |       |       ||   980
       Lee's Rapid Decon |       |       |     4 |    87 |   230 |   316 |   186 |    45 |    56 ||   924
       Petrify           |       |       |     2 |     5 |    38 |    33 |    19 |       |       ||    97
       Leda's Liquefacti |       |       |       |       |     1 |     1 |       |       |     1 ||     3
       Bolt of Magma     |       |       |       |       |       |       |   520 |   229 |   636 ||  1385
       Shatter           |       |       |       |       |       |       |    27 |   106 |   148 ||   281
       Blink             |       |       |       |       |       |       |       |       |     5 ||     5
       Iron Shot         |       |       |       |       |       |       |       |       |    74 ||    74
Invok: Heroism           |       |       |     1 |       |     3 |       |       |     1 |       ||     5
Evoke: Wand              |       |       |     4 |    20 |    32 |    30 |    18 |       |     8 ||   112
       Tin of tremorston |       |       |       |       |     2 |     7 |     3 |       |       ||    12
       Lightning rod     |       |       |       |       |       |       |    15 |     9 |     5 ||    29
       Condenser vane    |       |       |       |       |       |       |     5 |     1 |     1 ||     7
       Phial of floods   |       |       |       |       |       |       |     2 |       |       ||     2
       Box of beasts     |       |       |       |       |       |       |     1 |       |     1 ||     2
  Use: Potion            |     1 |     3 |    10 |       |     6 |    14 |     1 |     4 |     9 ||    48
       Scroll            |       |       |    12 |     9 |    17 |    13 |     9 |     6 |     7 ||    73
 Stab: Sleeping          |     7 |     2 |     3 |     4 |     2 |     2 |       |     6 |       ||    26
       Petrified         |       |       |     4 |     1 |    12 |       |       |       |       ||    17
       Petrifying        |       |       |     2 |       |     1 |       |       |       |       ||     3
       Paralysed         |       |       |       |    15 |    11 |       |       |       |       ||    26
       Distracted        |       |       |       |       |       |     1 |       |     3 |     3 ||     7
Armor: Robe              |    11 |    24 |    47 |    67 |   104 |       |       |     8 |    48 ||   309
       Skin              |       |    28 |    37 |       |     2 |       |       |       |       ||    67
       Troll leather arm |       |       |       |       |     6 |    78 |       |       |       ||    84
       Ring mail         |       |       |       |       |       |   103 |   244 |    60 |       ||   407
Dodge: Dodged            |    24 |    58 |   105 |   116 |   168 |   349 |   324 |   139 |   307 ||  1590
Block: Buckler           |       |       |       |    24 |   105 |    56 |       |       |       ||   185
       Kite shield       |       |       |       |       |       |   370 |   517 |   202 |   241 ||  1330
       Rpst.: Long sword |       |       |       |     7 |       |       |       |       |       ||     7

Table legend: (Time is in decaauts)
 A = Elapsed time spent in this place.
 B = Non-inter-level travel time spent in this place.
 C = Inter-level travel time spent in this place.
 D = Time resting spent in this place.
 E = Time spent auto-exploring this place.
 F = Levels seen in this place.
 G = Mean time per level.
                   A        B        C        D        E       F      G
               +--------+--------+--------+--------+--------+-----+--------+
         Total | 107760 | 102586 |   5174 |  44593 |  41212 |  61 | 1766.6 |
       Dungeon |  25255 |  23602 |   1653 |   7603 |  12809 |  15 | 1683.7 |
          Lair |  13046 |  12068 |    978 |   5060 |   5282 |   6 | 2174.3 |
         Swamp |   8787 |   8478 |    309 |   4619 |   2570 |   4 | 2196.8 |
   Spider Nest |   9228 |   9014 |    214 |   4700 |   3004 |   4 | 2307.0 |
    Slime Pits |   4111 |   3905 |    206 |   1592 |   1610 |   5 |  822.2 |
  Orcish Mines |   3386 |   3051 |    335 |   1414 |   1082 |   2 | 1693.0 |
   Elven Halls |   7069 |   6748 |    321 |   3254 |   2066 |   3 | 2356.3 |
        Vaults |  12839 |  12397 |    442 |   5921 |   4584 |   5 | 2567.8 |
         Crypt |   7943 |   7773 |    170 |   4270 |   2647 |   3 | 2647.7 |
          Tomb |    470 |    470 |      0 |    279 |      0 |   1 |  470.0 |
        Depths |   9483 |   8939 |    544 |   3657 |   3986 |   5 | 1896.6 |
         Abyss |   4050 |   4050 |      0 |   1026 |    984 |   5 |  810.0 |
        Bazaar |    181 |    181 |      0 |      0 |    138 |   1 |  181.0 |
        Bailey |    846 |    846 |      0 |    294 |    426 |   1 |  846.0 |
      Ice Cave |   1060 |   1060 |      0 |    903 |     22 |   1 | 1060.0 |
               +--------+--------+--------+--------+--------+-----+--------+

Top non-repeatable levels by time:
 Crypt:3: 3993 daAuts
Vaults:4: 3940 daAuts
Vaults:1: 3338 daAuts
   Elf:2: 3296 daAuts
  Lair:6: 3293 daAuts
 Swamp:2: 3282 daAuts
    D:11: 3024 daAuts
Spider:3: 2942 daAuts
Depths:5: 2798 daAuts
  Lair:5: 2774 daAuts
Vaults:2: 2751 daAuts
Spider:2: 2729 daAuts
    D:13: 2613 daAuts
   Orc:2: 2531 daAuts
 Crypt:2: 2466 daAuts
